SAAA
PURE MICHIGAN GREAT LAKERS @ ATHLETIC CLUB KC RESERVES
07/16/2029
 
TOP OF THE 1ST
Pure Michigan Great Lakers batting - Pitching for Athletic Club KC Reserves : RHP Álex Bane
Pitching: RHP Álex Bane
Batting: RHB Roberto Hernández 0-0: Called Strike
0-1: Ball
1-1: Ball
2-1: Ball
3-1: Swinging Strike
3-2: SINGLE (Line Drive, 8LS)
Batting: SHB Shiki Sanu 0-0: Ball
1-0: Ball
2-0: Ball
3-0: Called Strike
3-1: Base on Balls
Roberto Hernández to second
Batting: RHB Martín Alejadre 0-0: Ball
1-0: Swinging Strike
1-1: DOUBLE (Line Drive, 8RD)
Roberto Hernández scores
Shiki Sanu to third
Batting: LHB Elian Gonzalez 0-0: Ball
1-0: Called Strike
1-1: Ground out U3 (Groundball, 34S)
Shiki Sanu scores
Martín Alejadre to third
Batting: RHB Zong-yuan Fung 0-0: Ball
1-0: Ball
2-0: Called Strike
2-1: Ball
3-1: Foul Ball, location: 2F
3-2: Base on Balls
Batting: RHB Lorenzo Ruíz 0-0: Ball
1-0: Ball
2-0: Fly out, F4 (Line Drive, 34)
Batting: RHB George St. Clair 0-0: Ball
1-0: Ball
2-0: Called Strike
2-1: Ball
3-1: Base on Balls
Zong-yuan Fung to second
Batting: RHB Ramiro Gonzáles 0-0: Fly out, F6 (Line Drive, 6)
Top of the 1st over - 2 runs, 2 hits, 0 errors, 3 left on base; Pure Michigan 2 - Athletic Club KC 0
BOTTOM OF THE 1ST
Athletic Club KC Reserves batting - Pitching for Pure Michigan Great Lakers : RHP Ryan Bentley
Pitching: RHP Ryan Bentley
Batting: RHB Khal Drogo 0-0: Ball
1-0: Ball
2-0: Called Strike
2-1: Foul Ball, location: 2F
2-2: Fly out, F9 (Flyball, 9LD)
Batting: RHB Tasuku Goto 0-0: Ball
1-0: Foul Ball, location: 2F
1-1: Swinging Strike
1-2: Strikes out swinging
Batting: LHB Wu-shun Chu 0-0: SINGLE (Flyball, 89S)
Batting: LHB Tsai Ng 0-0: Called Strike
0-1: Foul Ball, location: 2F
0-2: Ball
1-2: Ball
2-2: Foul Ball, location: 2F
2-2: Ground out 4-3 (Groundball, 4)
Bottom of the 1st over - 0 runs, 1 hit, 0 errors, 1 left on base; Pure Michigan 2 - Athletic Club KC 0
TOP OF THE 2ND
Pure Michigan Great Lakers batting - Pitching for Athletic Club KC Reserves : RHP Álex Bane
Batting: LHB Greg Robinson 0-0: SINGLE (Groundball, 6MD)
Batting: RHB Roberto Hernández 0-0: Ball
1-0: Called Strike
1-1: Called Strike
1-2: Grounds into double play, 6-4-3 (Groundball, 6)
Batting: SHB Shiki Sanu 0-0: Swinging Strike
0-1: Swinging Strike
0-2: Ball
1-2: Strikes out looking
Top of the 2nd over - 0 runs, 1 hit, 0 errors, 0 left on base; Pure Michigan 2 - Athletic Club KC 0
BOTTOM OF THE 2ND
Athletic Club KC Reserves batting - Pitching for Pure Michigan Great Lakers : RHP Ryan Bentley
Batting: RHB Todd Blake 0-0: Ball
1-0: Called Strike
1-1: Ball
2-1: Foul Ball, location: 2F
2-2: SINGLE (Line Drive, 5)
Batting: LHB Miguel Martínez 0-0: Grounds into double play, 1-6-3 (Groundball, 13S)
Batting: RHB Allen Williams 0-0: Foul Ball, location: 2F
0-1: Swinging Strike
0-2: Ball
1-2: Ball
2-2: Ball
3-2: Base on Balls
Batting: RHB Geoff Rivers 0-0: Called Strike
0-1: Ball
1-1: Called Strike
1-2: Ball
2-2: Strikes out swinging
Bottom of the 2nd over - 0 runs, 1 hit, 0 errors, 1 left on base; Pure Michigan 2 - Athletic Club KC 0
TOP OF THE 3RD
Pure Michigan Great Lakers batting - Pitching for Athletic Club KC Reserves : RHP Álex Bane
Batting: RHB Martín Alejadre 0-0: Ball
1-0: Ground out 4-3 (Groundball, 4M)
Batting: LHB Elian Gonzalez 0-0: Ball
1-0: Ball
2-0: Called Strike
2-1: Ball
3-1: Called Strike
3-2: SINGLE (Line Drive, 6M)
Batting: RHB Zong-yuan Fung 0-0: Ground out 5-3 (Groundball, 56S)
Elian Gonzalez to second
Batting: RHB Lorenzo Ruíz 0-0: Ball
1-0: Called Strike
1-1: Ground out 6-3 (Groundball, 6)
Top of the 3rd over - 0 runs, 1 hit, 0 errors, 1 left on base; Pure Michigan 2 - Athletic Club KC 0
BOTTOM OF THE 3RD
Athletic Club KC Reserves batting - Pitching for Pure Michigan Great Lakers : RHP Ryan Bentley
Batting: RHB Tony Osorio 0-0: Called Strike
0-1: Called Strike
0-2: Foul Ball, location: 2F
0-2: Foul Ball, location: 2F
0-2: Strikes out swinging
Batting: RHB Khal Drogo 0-0: Called Strike
0-1: SINGLE (Line Drive, 8LS)
Batting: RHB Tasuku Goto 0-0: Called Strike
0-1: Called Strike
0-2: Ball
1-2: Fly out, F7 (Flyball, 7LMF)
Batting: LHB Wu-shun Chu 0-0: Ball
1-0: Ball
2-0: Foul Ball, location: 2F
2-1: Called Strike
2-2: Ball
3-2: SINGLE (Flyball, 9LM)
Khal Drogo to second
Khal Drogo to third
Batting: LHB Tsai Ng 0-0: Ball
1-0: Foul Ball, location: 2F
1-1: 3-RUN HOME RUN (Flyball, 89XD), Distance : 389 ft
Batting: RHB Todd Blake 0-0: Ball
1-0: Called Strike
1-1: Swinging Strike
1-2: Foul Ball, location: 2F
1-2: Fly out, F7 (Flyball, 7LMF)
Bottom of the 3rd over - 3 runs, 3 hits, 0 errors, 0 left on base; Pure Michigan 2 - Athletic Club KC 3
TOP OF THE 4TH
Pure Michigan Great Lakers batting - Pitching for Athletic Club KC Reserves : RHP Álex Bane
Batting: RHB George St. Clair 0-0: Foul Ball, location: 2F
0-1: Called Strike
0-2: Foul Ball, location: 2F
0-2: Strikes out looking
Batting: RHB Ramiro Gonzáles 0-0: Called Strike
0-1: Ball
1-1: Called Strike
1-2: Ball
2-2: Foul Ball, location: 2F
2-2: Ground out 6-3 (Groundball, 6)
Batting: LHB Greg Robinson 0-0: Ball
1-0: Called Strike
1-1: Swinging Strike
1-2: Ball
2-2: DOUBLE (Groundball, 3L)
Batting: RHB Roberto Hernández 0-0: Called Strike
0-1: Ball
1-1: Swinging Strike
1-2: Ball
2-2: Strikes out swinging
Top of the 4th over - 0 runs, 1 hit, 0 errors, 1 left on base; Pure Michigan 2 - Athletic Club KC 3
BOTTOM OF THE 4TH
Athletic Club KC Reserves batting - Pitching for Pure Michigan Great Lakers : RHP Ryan Bentley
Batting: LHB Miguel Martínez 0-0: Called Strike
0-1: Ball
1-1: Foul Ball, location: 2F
1-2: Strikes out swinging
Batting: RHB Allen Williams 0-0: Ball
1-0: Ball
2-0: Ball
3-0: Called Strike
3-1: Foul Ball, location: 2F
3-2: Strikes out swinging
Batting: RHB Geoff Rivers 0-0: SINGLE (Flyball, 7LS) - OUT at second base trying to stretch hit.
Bottom of the 4th over - 0 runs, 1 hit, 0 errors, 0 left on base; Pure Michigan 2 - Athletic Club KC 3
TOP OF THE 5TH
Pure Michigan Great Lakers batting - Pitching for Athletic Club KC Reserves : RHP Álex Bane
Batting: SHB Shiki Sanu 0-0: Ball
1-0: Ball
2-0: Ball
3-0: Called Strike
3-1: Base on Balls
Batting: RHB Martín Alejadre 0-0: Ball
1-0: Foul Ball, location: 2F
1-1: Ball
2-1: Foul Ball, location: 2F
2-2: Grounds into double play, 1-4-3 (Groundball, 15S)
Batting: LHB Elian Gonzalez 0-0: Ball
1-0: Ball
2-0: Fly out, F4 (Popup, 4S)
Top of the 5th over - 0 runs, 0 hits, 0 errors, 0 left on base; Pure Michigan 2 - Athletic Club KC 3
BOTTOM OF THE 5TH
Athletic Club KC Reserves batting - Pitching for Pure Michigan Great Lakers : RHP Ryan Bentley
Batting: RHB Tony Osorio 0-0: Ball
1-0: Ground out 1-3 (Groundball, 13)
Batting: RHB Khal Drogo 0-0: Foul Ball, location: 2F
0-1: Swinging Strike
0-2: Strikes out swinging
Batting: RHB Tasuku Goto 0-0: Foul Ball, location: 2F
0-1: Swinging Strike
0-2: Ground out 4-3 (Groundball, 4)
Bottom of the 5th over - 0 runs, 0 hits, 0 errors, 0 left on base; Pure Michigan 2 - Athletic Club KC 3
TOP OF THE 6TH
Pure Michigan Great Lakers batting - Pitching for Athletic Club KC Reserves : RHP Álex Bane
Pitching: RHP Edgar Cruz
Batting: RHB Zong-yuan Fung 0-0: Ball
1-0: Fly out, F3 (Popup, 3F)
Batting: RHB Lorenzo Ruíz 0-0: Ball
1-0: Ground out 4-3 (Groundball, 4)
Batting: RHB George St. Clair 0-0: Called Strike
0-1: Foul Ball, location: 2F
0-2: Fly out, F4 (Popup, 4M)
Top of the 6th over - 0 runs, 0 hits, 0 errors, 0 left on base; Pure Michigan 2 - Athletic Club KC 3
BOTTOM OF THE 6TH
Athletic Club KC Reserves batting - Pitching for Pure Michigan Great Lakers : RHP Ryan Bentley
Batting: LHB Wu-shun Chu 0-0: Called Strike
0-1: Ball
1-1: Swinging Strike
1-2: Foul Ball, location: 2F
1-2: Ball
2-2: Foul Ball, location: 2F
2-2: Ball
3-2: Ground out U3 (Groundball, 3)
Batting: LHB Tsai Ng 0-0: Hit by Pitch
Batting: RHB Todd Blake 0-0: Ball
1-0: Called Strike
1-1: Ball
2-1: Ball
3-1: Called Strike
3-2: SINGLE (Line Drive, 34D)
Tsai Ng to second
Tsai Ng to third
Batting: LHB Miguel Martínez 0-0: Foul Ball, location: 2F
0-1: Ball
1-1: Ball
2-1: Ball
3-1: Called Strike
3-2: Grounds into double play, 6-4-3 (Groundball, 6)
Bottom of the 6th over - 0 runs, 1 hit, 0 errors, 1 left on base; Pure Michigan 2 - Athletic Club KC 3
TOP OF THE 7TH
Pure Michigan Great Lakers batting - Pitching for Athletic Club KC Reserves : RHP Edgar Cruz
Batting: RHB Ramiro Gonzáles 0-0: Called Strike
0-1: Ball
1-1: SINGLE (Line Drive, 5D)
Batting: LHB Greg Robinson 0-0: Sac Bunt - play at first, batter OUT! 1-4
Ramiro Gonzáles to second
Batting: RHB Roberto Hernández 0-0: Called Strike
0-1: Ball
1-1: Ball
2-1: Foul Ball, location: 2F
2-2: Ball
3-2: Fly out, F5 (Popup, 5SF)
Batting: SHB Shiki Sanu 0-0: DOUBLE (Flyball, 78D)
Ramiro Gonzáles scores
Pinch Hitting: SHB Keyveat Postell 0-0: Ball
1-0: Ball
2-0: Fly out, F7 (Flyball, 7S)
Top of the 7th over - 1 run, 2 hits, 0 errors, 1 left on base; Pure Michigan 3 - Athletic Club KC 3
BOTTOM OF THE 7TH
Athletic Club KC Reserves batting - Pitching for Pure Michigan Great Lakers : RHP Ryan Bentley
Now in CF: Keyveat Postell
Batting: RHB Allen Williams 0-0: Fly out, F9 (Flyball, 9S)
Pinch Hitting: SHB Fernando Luna 0-0: Called Strike
0-1: Called Strike
0-2: Ball
1-2: Ball
2-2: Ball
3-2: Strikes out swinging
Batting: RHB Tony Osorio 0-0: Foul Ball, location: 2F
0-1: Called Strike
0-2: Foul Ball, location: 2F
0-2: Ball
1-2: Foul Ball, location: 2F
1-2: Ball
2-2: Strikes out swinging
Bottom of the 7th over - 0 runs, 0 hits, 0 errors, 0 left on base; Pure Michigan 3 - Athletic Club KC 3
TOP OF THE 8TH
Pure Michigan Great Lakers batting - Pitching for Athletic Club KC Reserves : RHP Edgar Cruz
Now in RF: Filip Huigen
Pinch Hitting: LHB Ye Der 0-0: Called Strike
0-1: Ball
1-1: Ball
2-1: Ball
3-1: Base on Balls
Batting: RHB Zong-yuan Fung 0-0: Ball
1-0: Swinging Strike
1-1: 2-RUN HOME RUN (Flyball, 7D), Distance : 360 ft
Pitching: LHP Jesús Márquez
Batting: RHB Lorenzo Ruíz 0-0: Ball
1-0: Ball
2-0: Ball
3-0: Called Strike
3-1: Ground out 4-3 (Groundball, 4M)
Batting: RHB George St. Clair 0-0: Foul Ball, location: 2F
0-1: Ball
1-1: Swinging Strike
1-2: Foul Ball, location: 2F
1-2: Strikes out looking
Batting: RHB Ramiro Gonzáles 0-0: Called Strike
0-1: Foul Ball, location: 2F
0-2: Strikes out swinging
Top of the 8th over - 2 runs, 1 hit, 0 errors, 0 left on base; Pure Michigan 5 - Athletic Club KC 3
BOTTOM OF THE 8TH
Athletic Club KC Reserves batting - Pitching for Pure Michigan Great Lakers : RHP Ryan Bentley
Now in LF: Ye Der
Batting: RHB Khal Drogo 0-0: Called Strike
0-1: Ball
1-1: Ball
2-1: Foul Ball, location: 2F
2-2: Ball
3-2: Strikes out swinging
Pitching: RHP Noah Shellenbarger
Batting: RHB Tasuku Goto 0-0: Called Strike
0-1: Ball
1-1: Ball
2-1: Foul Ball, location: 2F
2-2: Foul Ball, location: 2F
2-2: Foul Ball, location: 2F
2-2: Strikes out looking
Batting: LHB Wu-shun Chu 0-0: Called Strike
0-1: Swinging Strike
0-2: Foul Ball, location: 2F
0-2: Ball
1-2: Strikes out swinging
Bottom of the 8th over - 0 runs, 0 hits, 0 errors, 0 left on base; Pure Michigan 5 - Athletic Club KC 3
TOP OF THE 9TH
Pure Michigan Great Lakers batting - Pitching for Athletic Club KC Reserves : LHP Jesús Márquez
Pitching: LHP António Silva
Batting: LHB Greg Robinson 0-0: Ball
1-0: Fly out, F7 (Flyball, 78M)
Batting: RHB Roberto Hernández 0-0: Ground out 5-3 (Groundball, 56S)
Batting: SHB Shiki Sanu 0-0: Swinging Strike
0-1: Ball
1-1: Foul Ball, location: 2F
1-2: Strikes out looking
Top of the 9th over - 0 runs, 0 hits, 0 errors, 0 left on base; Pure Michigan 5 - Athletic Club KC 3
BOTTOM OF THE 9TH
Athletic Club KC Reserves batting - Pitching for Pure Michigan Great Lakers : RHP Noah Shellenbarger
Pitching: LHP I-tsing Ts'ong
Batting: LHB Tsai Ng 0-0: Called Strike
0-1: Fly out, F7 (Flyball, 7LS)
Batting: RHB Todd Blake 0-0: Foul Ball, location: 2F
0-1: Ball
1-1: Called Strike
1-2: SINGLE (Line Drive, 6)
Pinch Hitting: RHB Shintaro Yamada 0-0: Swinging Strike
0-1: Foul Ball, location: 2F
0-2: Ball
1-2: Strikes out swinging
Batting: RHB Allen Williams 0-0: Called Strike
0-1: Ball
1-1: Ball
2-1: Ball
3-1: Called Strike
3-2: Foul Ball, location: 2F
3-2: Foul Ball, location: 2F
3-2: Foul Ball, location: 2F
3-2: Base on Balls
Todd Blake to second
Batting: RHB Filip Huigen 0-0: Ball
1-0: Ball
2-0: Ball
3-0: Called Strike
3-1: Base on Balls
Todd Blake to third
Allen Williams to second
Batting: RHB Tony Osorio 0-0: Ground out U3 (Groundball, 34)
Bottom of the 9th over - 0 runs, 1 hit, 0 errors, 3 left on base; Pure Michigan 5 - Athletic Club KC 3
Tuesday, December 19th, 2017 - OOTP Baseball 18.8 Build 76